 Dungeon Crawl Stone Soup version 0.23-a0-577-g2b1de94 (webtiles) character file.

23 Lavandula the Cutter (level 3, -3/21 HPs)
             Began as a Halfling Enchanter on Dec 14, 2018.
             Slain by an ogre
             ... wielding a +0 giant club
              (21 damage)
             ... on level 4 of the Dungeon.
             The game lasted 00:02:15 (883 turns).

Lavandula the Cutter (Halfling Enchanter)            Turns: 883, Time: 00:02:15

Health: -3/21      AC:  2    Str:  9    XL:     3   Next: 12%
Magic:  5/5        EV: 15    Int: 14    God:
Gold:   49         SH:  0    Dex: 14    Spells: 2/5 levels left

rFire    . . .     SeeInvis .   a - +1 dagger
rCold    . . .     Gourm    .   (shield restricted)
rNeg     . . .     Faith    .   b - +0 robe
rPois    .         Spirit   .   (no helmet)
rElec    .         Reflect  .   (no cloak)
rCorr    .         Harm     .   (no gloves)
MR       .....                  (no boots)
Stlth    ++........             (no amulet)
HPRegen  0.07/turn              (no ring)
MPRegen  0.09/turn              (no ring)

@: no status effects
A: small, mutation resistance 1
a: no special abilities


You were on level 4 of the Dungeon.
You were not hungry.

You visited 1 branch of the dungeon, and saw 3 of its levels.

You collected 49 gold pieces.

Inventory:

Hand Weapons
 a - a +1 dagger (weapon)
Armour
 b - a +0 robe (worn)
Scrolls
 c - a scroll of enchant weapon {unknown}
 e - 2 scrolls of identify {unknown}
 f - a scroll of noise {unknown}
 g - a scroll of random uselessness {unknown}
 h - a scroll of blinking {unknown}
Comestibles
 d - 2 rations


   Skills:
 + Level 3.4 Short Blades
 - Level 2.1 Dodging
 - Level 3.2 Stealth
 - Level 1.5 Spellcasting
 - Level 2.4 Hexes


You had 2 spell levels left.
You knew the following spells:

 Your Spells              Type           Power        Failure   Level  Hunger
a - Corona                Hex            #......      10%         1    ##.....
b - Ensorcelled Hibernat  Hex/Ice        #.....       22%         2    ###....

Your spell library contained the following spells:

 Spells                   Type           Power        Failure   Level  Hunger
 Confuse                  Hex            #.......     28%         3    ####...
 Tukima's Dance           Hex            #.......     28%         3    ####...
 Dazzling Spray           Conj/Hex       #.....       41%         3    ####...


Dungeon Overview and Level Annotations

Branches:
Dungeon (2/15)             Temple (0/1) D:4

Altars:
Dithmenos

Annotations:
D:4 Menkaure


Innate Abilities, Weirdness & Mutations

You are small and have problems with some larger weapons.
You are somewhat resistant to further mutation.


Message History

Found a staircase to the Ecumenical Temple.
Unknown command.
The jackal barks!
The jackal misses you. The jackal closely misses you.
Unknown command.
The jackal barely misses you. The jackal closely misses you.
The jackal misses you. The jackal misses you.
The jackal bites you but does no damage.
An ogre comes into view. It is wielding a +0 giant club.
The jackal barks!
The jackal closely misses you.
Menkaure, Prince of Dust comes into view.
Menkaure shouts!
Menkaure gestures wildly while chanting.
Menkaure seems to speed up.
The jackal misses you.
The ogre hits you with a +0 giant club!!
Ouch! That really hurt!
You die...

## ####+#+#### ...
#......... ....
+.......# .#..#
#.....o.## .#...#
#........#
###...##......#o#
.......#.ho...#h####
....#.........#.@..#
.>..###o########O..#
....#...# #...#
.......## #...#
###...## #...#
.#...## ###M# .#..##
.. ...## #+# ####


You could see an ogre, Menkaure, an orc priest, an orc and a jackal.

Vanquished Creatures
  A worm (D:2)
  3 dart slugs
  A bat (D:2)
  A giant cockroach (D:1)
  A goblin (D:1)
  3 hobgoblins
  A kobold (D:2)
  A frilled lizard (D:1)
  2 rats (D:1)
14 creatures vanquished.

Notes
Turn   | Place    | Note
-------+----------+-------------------------------------------
     0 | D:1      | Lavandula the Halfling Enchanter began the quest for the
                  | Orb.
     0 | D:1      | Reached XP level 1. HP: 11/11 MP: 3/3
    73 | D:1      | Reached XP level 2. HP: 9/17 MP: 2/4
   242 | D:1      | Learned a level 2 spell: Ensorcelled Hibernation
   697 | D:2      | Reached XP level 3. HP: 5/21 MP: 3/5
   859 | D:2      | You fall through a shaft for 2 floors!
   859 | D:4      | Found a shadowy altar of Dithmenos.
   863 | D:4      | Found a staircase to the Ecumenical Temple.
   880 | D:4      | Noticed an ogre
   882 | D:4      | Noticed Menkaure
   883 | D:4      | Slain by an ogre

Vault maps used:
D:1:      scummos_arrival_star, minmay_misc_feat_square, minmay_hexomino_c4
D:2:      kennysheep_generic_room_2
D:4:      overflow_temple_1_default, minmay_temple_entry_tees, uniq_natasha,
          uniq_menkaure

Skill      XL: |  1  2 |
---------------+-------+-----
Short Blades   | 2 3 |  3.4
Dodging        | |  2.1
Stealth        | |  3.2
Spellcasting   | |  1.5
Hexes          | |  2.4

Action                   || total
-------------------------++-------
Melee: Dagger            ||    84
 Cast: Corona            ||     4
       Ensorcelled Hiber ||     1
 Stab: Sleeping          ||     3
Armor: Robe              ||     7
Dodge: Dodged            ||    48

Table legend:
 A = Non-vault XP
 B = Vault XP
 C = Vault XP percentage of total XP
 D = Non-vault monster count
 E = Vault monster count
 F = Vault count percentage of total count
                 A         B        C        D         E       F
            +---------+---------+-------+---------+---------+-------
      Total |      34 |       0 |   0.0 |      14 |       0 |   0.0
            +---------+---------+-------+---------+---------+-------
        D:1 |      17 |       0 |   0.0 |       8 |       0 |   0.0
        D:2 |      17 |       0 |   0.0 |       6 |       0 |   0.0
            +---------+---------+-------+---------+---------+-------
